 Dungeon Sprint DCSS version 0.30-a0-743-gbfdf073431 (webtiles) character file.

Game seed: 8874363917562245618

277328 mhtbhm the Eviscerator (level 12, 40/63 HPs)
             Began as a Felid Berserker on Feb 6, 2023.
             Was the Champion of Trog.
             Escaped with the Orb!
             The game lasted 00:14:20 (4855 turns).

mhtbhm the Eviscerator (Felid Berserker)            Turns: 4855, Time: 00:14:21

Health: 40/63      AC:  3    Str: 17      XL:     12   Next: 70%
Magic:  13/13      EV: 42    Int:  9 (10) God:    Trog [******]
Gold:   4863       SH:  0    Dex: 26      Spells: 11/11 levels left
                                        Lives:  2   Deaths: 1

rFire   + . .      SeeInvis +      - Unarmed
rCold   + . .      Faith    .    (shield unavailable)
rNeg    . . .      Spirit   .    (body armour unavailable)
rPois   +          Reflect  .    (helmet unavailable)
rElec   +          Harm     .    (cloak unavailable)
rCorr   .          Rampage  .    (gloves unavailable)
Will    +....      NoTele   +    (boots unavailable)
Stlth   +++                      o - amulet of Ischuys {RegenMP Fly rPois Dex+5}
HPRegen 0.30/turn                m - ring "Voef" {rElec rF+ Dex+6}
MPRegen 0.53/turn                c - +4 ring of slaying

@: flying, hasted, very quick
A: very small, claws 1, fangs 3, see invisible, speed 1, shaggy fur 3, stealthy
paws, no weapons or thrown items, no armour, multi-lived, deterioration 1
0: Orb of Zot
a: Renounce Religion, Berserk, Trog's Hand, Brothers in Arms


You escaped.
You worshipped Trog.
Trog was exalted by your worship.
You visited 1 branch You collected 7026 gold pieces.
You spent 2163 gold pieces at shops.

Inventory:

Jewellery
 c - a +4 ring of slaying (right paw)
 i - the ring of Isusaley {rC+ rN+ Will- Int+6}
   (You found it in the Dungeon)

   [ring of intelligence]

   Int:       It affects your intelligence (+6).
   rC:        It protects you from cold.
   rN:        It protects you from negative energy.
   Will:      It decreases your willpower.
 m - the ring "Voef" (left paw) {rElec rF+ Dex+6}
   (You bought it in a shop in the Dungeon)

   [ring of protection from fire]

   Dex:       It affects your dexterity (+6).
   rF:        It protects you from fire.
   rElec:     It insulates you from electricity.
 o - the amulet of Ischuys (around neck) {RegenMP Fly rPois Dex+5}
   (You bought it in a shop in the Dungeon)

   [amulet of magic regeneration]

   It increases your rate of magic regeneration.
   Dex:       It affects your dexterity (+5).
   rPois:     It protects you from poison.
   Fly:       It grants you flight.
 v - a +4 ring of slaying
Wands
 g - a wand of digging (1)
 k - a wand of paralysis (4)
 n - a wand of flame (8)
Scrolls
 f - 4 scrolls of blinking
 h - a scroll of fear
 q - a scroll of silence
 r - 4 scrolls of fog
 u - a scroll of identify
 x - a scroll of immolation
Potions
 a - 4 potions of curing
 b - 2 potions of heal wounds
 d - 2 potions of magic
 e - a potion of berserk rage
 j - a potion of invisibility
 p - a potion of ambrosia
 s - 2 potions of lignification
 t - a potion of brilliance
Miscellaneous
 l - a lightning rod (4/4)


   Skills:
 + Level 13.3 Fighting
 + Level 20.4 Dodging
 + Level 17.9 Stealth
 + Level 25.3 Unarmed Combat
 + Level 4.3 Evocations


You had 11 spell levels left.
You didn't know any spells.
Your spell library was empty.

Dungeon Overview and Level Annotations

Branches:
Dungeon (1/1)

Altars:
Cheibriados
Dithmenos
Elyvilon
Fedhas
Gozag
Hepliaklqana
Kikubaaqudgha
Makhleb
Nemelex Xobeh
Okawaru
Qazlal
Ru
Sif Muna
Trog
Uskayaw
Vehumet
Wu Jian
Xom
Yredelemnul
Zin
The Shining One
Jiyva
Lugonu

Shops:
D ??*:?[:=*??[?((![:[[?(

Annotations:
D Lom Lobon, Tiamat


Innate Abilities, Weirdness & Mutations

You have sharp claws.
You have razor-sharp teeth.
You have supernaturally acute eyesight. (SInv)
You cover ground quickly. (Speed+)
Your thick and shaggy fur keeps you warm. (AC +3, rC+)
Your paws help you pounce on unaware monsters.
You are incapable of wielding weapons or throwing items.
You cannot wear armour.
You gain extra lives every three experience levels.
Your body sometimes deteriorates upon taking damage.


Message History

Blink to where?
Press: ? - help, Dir - move target
As you read the scroll of blinking, it crumbles to dust.
You see here a +1 great sword of flaming.
There is an open door, spattered with blood here.
You see here a +0 great sword of flaming.
Things that are here:
a +1 great sword of flaming; a fire giant skeleton You see here a +2 great sword of flaming.
There is an open door here.
Things that are here:
a +4 eudemon blade of holy wrath; a +2 tower shield 3 hell hogs come into view.
The hell hog attacks as you move away! The hell hog completely misses you.
The hell hog moves out of view. x2
There is an open door, spattered with blood here.
Okay, then.
You feel yourself speed up. The hell hog breathes fire at you.
The fireball explodes!
The fireball engulfs you! You resist.
Things that are here:
a +0 dagger; a +0 robe
There is an open door here.
The hell hog breathes fire at you.
The fireball explodes!
The fireball engulfs you! You resist.
Your body deteriorates!
You feel dopey.
There is an open door here.
There is a viscous altar of Jiyva here.
There is an open door here.
There is an open door here.
Things that are here:
a +0 scythe; a +0 robe
There is an open door here.
There is an open door, spattered with blood here.
You see here a +0 giant club.
There is an open door here.
Things that are here:
a +0 club; a +0 leather armour
There is a staircase leading out of the dungeon here.
You have escaped!

##################
#@.#..)..#.)'..#__
#..)..#..'..#..'..
#..#####'#####'#__
#..####..#...#(###
#..#__####..##.#~§
#..#_____##'#_.'~~
#⌠⌠#_.∩...'..._#~~
####_..__##_.#'##'
*,,#_____###'#(#..


There were no monsters in sight!

Vanquished Creatures
  A deep elf master archer (D)
  A shadow dragon (D)
  A daeva (D)
  4 fire giants (D)
  A deep elf annihilator (D)
  A lorocyproca (D)
  A mummy priest (D)
  A hydra (D)
  2 centaur warriors (D)
  Sonja (D)
  A deep troll (D)
  2 oklob plants (D)
  A lindwurm (D)
  2 shining eyes (D)
  A merfolk siren (D)
  4 demonic crawlers (D)
  A gargoyle (D)
  7 unseen horrors (D)
  2 kobold demonologists (D)
  A meliai (D)
  A hellwing (D)
  5 hornets (D)
  A slime creature (D)
  Sigmund (D)
  A yak (D)
  13 hogs (D)
  2 redbacks (D)
  3 floating eyes (D)
  An ogre (D)
  7 necrophages (D)
  8 jellies (D)
  Ijyb (D)
  A ballistomycete spore (D)
81 creatures vanquished.

Vanquished Creatures (collateral kills)
  the Lernaean hydra (D)
  A golden dragon (D)
  6 shining eyes (D)
  A gargoyle (D)
  4 floating eyes (D)
13 creatures vanquished.

Vanquished Creatures (others)
  A merfolk siren (D)
  A ballistomycete spore (D)
2 creatures vanquished.

Grand Total: 96 creatures vanquished

Notes
Turn   | Place    | Note
-------+----------+-------------------------------------------
     0 | D        | mhtbhm the Felid Berserker began the quest for the Orb.
     0 | D        | Reached XP level 1. HP: 10/10 MP: 2/2
     2 | D        | Noticed Ijyb
    13 | D        | Killed Ijyb
    14 | D        | Reached skill level 5 in Dodging
    14 | D        | Reached skill level 4 in Unarmed Combat
    14 | D        | Reached XP level 2. HP: 5/15 MP: 3/3
    60 | D        | Noticed an ogre
    65 | D        | Killed an ogre
    66 | D        | Reached skill level 6 in Unarmed Combat
    66 | D        | Reached XP level 3. HP: 20/20 MP: 4/4
    66 | D        | Reached XP level 4. HP: 24/24 MP: 5/5
   251 | D        | Noticed Sigmund
   258 | D        | Killed Sigmund
   258 | D        | Reached ** piety under Trog
   259 | D        | Reached skill level 8 in Unarmed Combat
   259 | D        | Reached XP level 5. HP: 28/28 MP: 6/6
   259 | D        | Gained mutation: You are covered in thick fur. (AC +2)
                  | [Felid growth]
   259 | D        | Reached XP level 6. HP: 33/33 MP: 7/7
   375 | D        | Found an ornate altar of the Wu Jian Council.
   375 | D        | Found a shimmering blue altar of Sif Muna.
   377 | D        | Found a radiant altar of Vehumet.
   382 | D        | Reached skill level 10 in Dodging
   382 | D        | Reached skill level 1 in Stealth
   412 | D        | Found Itaca's Book Emporium.
   412 | D        | Found an ancient bone altar of Kikubaaqudgha.
   412 | D        | Found a hazy altar of Hepliaklqana.
   412 | D        | Found a stormy altar of Qazlal.
   412 | D        | Found a hide-covered altar of Uskayaw.
   412 | D        | Found a blossoming altar of Fedhas.
   412 | D        | Found a bloodstained altar of Trog.
   412 | D        | Found an iron altar of Okawaru.
   412 | D        | Found a basalt altar of Yredelemnul.
   412 | D        | Found a glowing golden altar of the Shining One.
   412 | D        | Found a snail-covered altar of Cheibriados.
   412 | D        | Found a sacrificial altar of Ru.
   412 | D        | Found a glowing silver altar of Zin.
   412 | D        | Found a shadowy altar of Dithmenos.
   412 | D        | Found a white marble altar of Elyvilon.
   412 | D        | Noticed a yak
   421 | D        | Killed a yak
   422 | D        | Reached skill level 9 in Unarmed Combat
   422 | D        | Found an opulent altar of Gozag.
   423 | D        | Found a sparkling altar of Nemelex Xobeh.
   468 | D        | Noticed Sonja
   476 | D        | Killed Sonja
   476 | D        | Reached *** piety under Trog
   477 | D        | Reached skill level 11 in Unarmed Combat
   477 | D        | Reached XP level 7. HP: 37/39 MP: 8/8
   531 | D        | Found Nuicyfiy's Magic Scroll Boutique.
   539 | D        | Bought a scroll of blinking for 82 gold pieces
   539 | D        | Bought a scroll of identify for 22 gold pieces
   616 | D        | Found a burning altar of Makhleb.
   616 | D        | Found a viscous altar of Jiyva.
   616 | D        | Found a shimmering altar of Xom.
   616 | D        | Found a corrupted altar of Lugonu.
   616 | D        | Noticed a slime creature
   620 | D        | Killed a slime creature
   621 | D        | Reached skill level 10 in Fighting
   621 | D        | Reached XP level 8. HP: 43/43 MP: 9/9
   648 | D        | Noticed a centaur warrior
   649 | D        | Noticed a centaur warrior
   651 | D        | Killed a centaur warrior
   652 | D        | Reached skill level 5 in Stealth
   652 | D        | Reached skill level 13 in Unarmed Combat
   652 | D        | Killed a centaur warrior
   653 | D        | Reached XP level 9. HP: 48/48 MP: 10/10
   687 | D        | Reached skill level 15 in Dodging
   687 | D        | Reached skill level 14 in Unarmed Combat
   723 | D        | Noticed an oklob plant
   725 | D        | Killed an oklob plant
   725 | D        | Reached **** piety under Trog
   755 | D        | Noticed an unseen horror
   755 | D        | Noticed an unseen horror
   761 | D        | Killed an unseen horror
   763 | D        | Killed an unseen horror
   763 | D        | Reached ***** piety under Trog
   764 | D        | Reached skill level 15 in Unarmed Combat
   795 | D        | Reached XP level 10. HP: 38/53 MP: 11/11
   801 | D        | Reached skill level 10 in Stealth
   919 | D        | Reached ****** piety under Trog
   947 | D        | Identified the +3 leather armour of Dulu Rusadgho {Harm
                  | Str+6}
   964 | D        | Found Igruix's Jewellery Shoppe.
   964 | D        | Found Calytzick's Book Shop.
   964 | D        | Found Kanidi Kety's Assorted Antiques.
   966 | D        | Found Vyofueg's Magic Scroll Emporium.
   966 | D        | Found Liotut's Magic Scroll Shop.
   966 | D        | Found Liong's Antique Armour Shoppe.
   966 | D        | Found Rocvus's Magic Scroll Boutique.
   966 | D        | Found Abaimin's Antique Weapon Emporium.
   966 | D        | Found Gasajo's Antique Weapon Shop.
   966 | D        | Found Kiutuah's Distillery.
   991 | D        | Found Nirekh's Armour Boutique.
   992 | D        | Found Deagilog's Antique Armour Emporium.
   992 | D        | Found Alos's Book Boutique.
   993 | D        | Found Bidit's Magic Scroll Emporium.
  1021 | D        | Bought a pitted bone ring for 90 gold pieces
  1021 | D        | Identified the ring "Voef" {rElec rF+ Dex+6} (You bought it
                  | in a shop in the Dungeon)
  1022 | D        | Bought a scroll of blinking for 135 gold pieces
  1022 | D        | Bought a tapered silver wand for 72 gold pieces
  1025 | D        | Bought the amulet of Ischuys {RegenMP Fly rPois Dex+5} for
                  | 753 gold pieces
  1032 | D        | Bought a scroll of blinking for 90 gold pieces
  1032 | D        | Bought 3 scrolls of blinking for 270 gold pieces
  1081 | D        | Noticed a deep troll
  1091 | D        | Killed a deep troll
  1099 | D        | Found Unirrur's Armour Emporium.
  1205 | D        | Reached skill level 16 in Unarmed Combat
  1255 | D        | Noticed a lindwurm
  1262 | D        | Killed a lindwurm
  1370 | D        | Reached skill level 17 in Unarmed Combat
  1398 | D        | Reached XP level 11. HP: 17/57 MP: 12/12
  1653 | D        | Noticed a 12-headed hydra
  1655 | D        | Killed a 12-headed hydra
  1656 | D        | Reached skill level 18 in Unarmed Combat
  1725 | D        | Noticed a shadow dragon
  1725 | D        | Noticed a golden dragon
  1733 | D        | Killed a shadow dragon
  1736 | D        | Killed a golden dragon
  1737 | D        | Reached skill level 19 in Unarmed Combat
  1737 | D        | Reached skill level 1 in Evocations
  1801 | D        | Found Bitozxis's Weapon Shoppe.
  1877 | D        | Reached skill level 20 in Unarmed Combat
  1940 | D        | Noticed a lorocyproca
  1954 | D        | Slain by a lorocyproca
  1955 | D        | Reached XP level 10. HP: -2/55 MP: 0/11
  2163 | D        | Killed a lorocyproca
  2738 | D        | Bought a potion of curing for 30 gold pieces
  2738 | D        | Bought a potion of curing for 30 gold pieces
  2742 | D        | Bought 2 scrolls of identify for 48 gold pieces
  2742 | D        | Bought a scroll of identify for 24 gold pieces
  2746 | D        | Bought a scroll of identify for 24 gold pieces
  2821 | D        | Noticed a merfolk siren
  2823 | D        | Noticed a deep elf annihilator
  2830 | D        | Noticed a merfolk siren
  2832 | D        | Killed a merfolk siren
  2837 | D        | Reached XP level 11. HP: 56/58 MP: 12/12
  2845 | D        | Reached skill level 21 in Unarmed Combat
  2854 | D        | Reached skill level 15 in Stealth
  2855 | D        | Noticed a mummy priest
  2860 | D        | Killed a deep elf annihilator
  3106 | D        | Noticed an oklob plant
  3113 | D        | Killed an oklob plant
  3116 | D        | Killed a mummy priest
  3182 | D        | Noticed the 27-headed Lernaean hydra
  3201 | D        | Killed the 26-headed Lernaean hydra
  3202 | D        | Reached skill level 22 in Unarmed Combat
  3427 | D        | Noticed Lom Lobon
  3505 | D        | Identified the ring of Isusaley {rC+ rN+ Will- Int+6}
  3659 | D        | Noticed a deep elf master archer
  3867 | D        | Killed a deep elf master archer
  3868 | D        | Reached skill level 23 in Unarmed Combat
  4015 | D        | Noticed a daeva
  4030 | D        | Killed a daeva
  4227 | D        | Gained mutation: Your thick and shaggy fur keeps you warm.
                  | (AC +3, rC+) [Felid growth]
  4227 | D        | Reached XP level 12. HP: 63/63 MP: 13/13
  4279 | D        | Noticed a fire giant
  4279 | D        | Noticed a fire giant
  4279 | D        | Noticed a fire giant
  4279 | D        | Noticed a fire giant
  4280 | D        | Killed a fire giant
  4302 | D        | Killed a fire giant
  4303 | D        | Reached skill level 24 in Unarmed Combat
  4440 | D        | Killed a fire giant
  4497 | D        | Killed a fire giant
  4533 | D        | Found the +4 dragonskin cloak
  4533 | D        | Noticed Tiamat
  4557 | D        | Identified a scroll of acquirement
  4558 | D        | Acquired 808 gold pieces
  4628 | D        | Gained mutation: Your body sometimes deteriorates upon
                  | taking damage. [a shining eye]
  4631 | D        | Reached skill level 25 in Unarmed Combat
  4643 | D        | Found Reonk's Magic Scroll Shoppe.
  4643 | D        | Found Laera's Magic Scroll Shop.
  4643 | D        | Found Wuumeu's General Store.
  4643 | D        | Found Jiecseitt's Antique Armour Boutique.
  4649 | D        | Bought 2 scrolls of identify for 56 gold pieces
  4649 | D        | Bought a scroll of identify for 28 gold pieces
  4649 | D        | Bought a scroll of identify for 28 gold pieces
  4654 | D        | Bought a potion of heal wounds for 50 gold pieces
  4654 | D        | Bought a scroll of blinking for 75 gold pieces
  4654 | D        | Bought a potion of haste for 100 gold pieces
  4663 | D        | Bought a scroll of fog for 56 gold pieces
  4670 | D        | Bought a scroll of fog for 56 gold pieces
  4705 | D        | Bought a scroll of immolation for 44 gold pieces
  4792 | D        | Got the Orb of Zot
  4820 | D        | Noticed a hell hog
  4820 | D        | Noticed a hell hog
  4820 | D        | Noticed a hell hog
  4855 | D        | Escaped with the Orb!

Illustrated notes

Levels and vault maps discovered:
D:        dungeon_sprint_1 [red_sonja_temple_1, red_sonja_temple_small_1]

Skill      XL: |  1  2  3  4  5  6  7  8  9 10 11 12 |
---------------+-------------------------------------+-----
Fighting       | 4 6 7 9 10 11 12 13 | 13.3
Dodging        | 5 7 9 12 13 14 15 17 19 20 | 20.4
Unarmed Combat | 4 6 8 11 13 15 17 23 25 | 25.3
Stealth        | 3 7 9 13 16 17 | 17.9
Evocations     | 2 4 |  4.3

Action                     |  1- 3 |  4- 6 |  7- 9 | 10-12 || total
---------------------------+-------+-------+-------+-------++-------
  Melee: Unarmed           |    12 |    20 |    21 |   218 ||   271
         Bite              |     4 |     2 |     2 |    44 ||    52
         Punch             |       |       |     2 |    29 ||    31
 Invoke: Berserk           |     2 |     2 |     1 |    13 ||    18
         Brothers in Arms  |       |       |       |     7 ||     7
  Evoke: Wand              |       |       |       |     4 ||     4
         Lightning rod     |       |       |       |     6 ||     6
    Use: Scroll            |       |       |     1 |    16 ||    17
         Potion            |       |       |     1 |     3 ||     4
   Stab: Sleeping          |       |     2 |     8 |     8 ||    18
         Distracted        |       |       |       |     2 ||     2
 Armour: Skin              |       |     1 |       |     2 ||     3
  Dodge: Dodged            |     7 |    13 |    14 |   213 ||   247

Table legend: (Time is in decaauts)
 A = Elapsed time spent in this place.
 B = Non-inter-level travel time spent in this place.
 C = Inter-level travel time spent in this place.
 D = Time resting spent in this place.
 E = Time spent auto-exploring this place.
 F = Levels seen in this place.
 G = Mean time per level.
                   A        B        C        D        E       F      G
               +--------+--------+--------+--------+--------+-----+--------+
         Total |   4579 |   4551 |     28 |   2710 |      0 |   1 | 4579.0 |
       Dungeon |   4579 |   4551 |     28 |   2710 |      0 |   1 | 4579.0 |
               +--------+--------+--------+--------+--------+-----+--------+

Top non-repeatable levels by time:
       D: 4579 daAuts
